 Dungeon Crawl Stone Soup version 0.21.1-1-g345015f (webtiles) character file.

113 zishaf the Poker (level 4, -3/39 HPs)
             Began as a Hill Orc Monk on May 13, 2018.
             Slain by a sky beast (5 damage)
             ... on level 2 of the Dungeon.
             The game lasted 00:09:23 (2829 turns).

zishaf the Poker (Hill Orc Monk)                    Turns: 2829, Time: 00:09:23

Health: -3/39      AC:  5    Str: 14    XL:     4   Next: 96%
Magic:  4/4        EV: 11    Int: 10    God:
Gold:   121        SH:  0    Dex: 13    Spells: 3/3 levels left

rFire    . . .     SeeInvis .   a - +0 spear
rCold    . . .     Gourm    .   (no shield)
rNeg     . . .     Faith    .   p - +0 ring mail
rPois    .         Spirit   .   (no helmet)
rElec    .         Reflect  .   (no cloak)
rCorr    .         Harm     .   (no gloves)
MR       .....                  (no boots)
Stlth    ++........             (no amulet)
HPRegen  0.13/turn              (no ring)
MPRegen  0.09/turn              (no ring)

@: no status effects
A: no striking features
a: no special abilities


You were on level 2 of the Dungeon.
You were not hungry.

You visited 1 branch of the dungeon, and saw 3 of its levels.

You collected 121 gold pieces.

Inventory:

Hand Weapons
 a - a +0 spear (weapon)
Armour
 b - a +0 robe
 p - a +0 ring mail (worn)
Scrolls
 d - 3 scrolls of identify {unknown}
 e - 4 scrolls of immolation {unknown}
 f - 3 scrolls of enchant weapon {unknown}
 g - a scroll of teleportation {unknown}
 i - a scroll of fog {unknown}
 k - 2 scrolls of magic mapping {unknown}
 l - 2 scrolls of remove curse {unknown}
 m - a scroll of amnesia {unknown}
 o - 2 scrolls of blinking {unknown}
Potions
 h - a potion of heal wounds {unknown}
 j - a potion of invisibility
 n - a potion of berserk rage {unknown}
 q - a potion of flight
Comestibles
 c - 13 rations
 r - 3 chunks of flesh


   Skills:
 - Level 3.6 Fighting
 + Level 4.8 Polearms
 - Level 2.4 Dodging
 + Level 3.3 Stealth


You had 3 spell levels left.
You didn't know any spells.

Dungeon Overview and Level Annotations

Branches:
Dungeon (3/15)

Altars:


Message History

Something hits you. Something shocks you.
A sky beast appears from thin air!
Reactivating autopickup.
You barely miss the sky beast.
The sky beast is heavily wounded.
The sky beast flickers out of sight!
Deactivating autopickup; reactivate with Ctrl-A.
Something completely misses you.
A sky beast appears from thin air!
Reactivating autopickup.
You hit the sky beast.
The sky beast is severely wounded.
The sky beast hits you. The sky beast shocks you.
* * * LOW HITPOINT WARNING * * *
You puncture the sky beast!
The sky beast is almost dead.
The sky beast hits you.
* * * LOW HITPOINT WARNING * * *
The sky beast shocks you.
You die...

...####..#)##.#...........##.#...
...####..#.##.#####...######.#..#
.#............# #...# #.#)##
.#########.#### #...# #.)...
(###### #.# #...# ###.## .)....#
#.# ##.####### #.## .####.####.#
#.......# #... .#
#......#########.#####.# #... .#
########....@Y§..#####<# #..# .#
#.#####......##.###... .#
######.#.###.#.##.......#.# ##
#............#.......##.#.#
#.####...#########......#..
#.####...####### #.####.###
#.##...........# #.####.#
#.##.##.######.###.##...#
#.##.##.# #........##.#.#


You could see a sky beast.

Vanquished Creatures
  2 gnolls (D:3)
  2 adders (D:2)
  2 oozes (D:2)
  A dart slug (D:1)
  4 leopard geckos
  2 giant cockroaches
  8 goblins
  7 hobgoblins
  4 jackals (D:1)
  A quokka (D:2)
  3 ball pythons
  7 bats
  7 frilled lizards
  8 kobolds
  4 rats
62 creatures vanquished.

Notes
Turn   | Place    | Note
-------+----------+-------------------------------------------
     0 | D:1      | zishaf the Hill Orc Monk began the quest for the Orb.
     0 | D:1      | Reached XP level 1. HP: 19/19 MP: 1/1
   163 | D:1      | Reached XP level 2. HP: 5/26 MP: 2/2
   628 | D:1      | Reached XP level 3. HP: 28/31 MP: 3/3
   629 | D:1      | Reached skill level 4 in Polearms
  1590 | D:2      | Reached XP level 4. HP: 34/39 MP: 4/4
  2747 | D:3      | Noticed a sky beast
  2829 | D:2      | Slain by a sky beast

Skill      XL: |  1  2  3  4 |
---------------+-------------+-----
Stealth        | 2 3 |  3.3
Polearms       | 4 |  4.8
Fighting       | |  3.6
Dodging        | |  2.4

Action                   |  1- 3 |  4- 6 || total
-------------------------+-------+-------++-------
Melee: Spear             |   198 |   142 ||   340
  Use: Potion            |     1 |     2 ||     3
 Stab: Sleeping          |     1 |     2 ||     3
  Eat: Chunk             |     2 |     3 ||     5
       Ration            |       |     1 ||     1
Armor: Robe              |    28 |       ||    28
       Ring mail         |       |    25 ||    25
Dodge: Dodged            |   103 |    50 ||   153
